 Dungeon Crawl Stone Soup version 0.21.1-1-g345015f (webtiles) character file.

96 keltmir the Cudgeler (level 4, 0/38 HPs)
             Began as a Draconian Skald on Mar 31, 2018.
             Killed from afar by Ijyb (6 damage)
             ... with a wand of flame (7)
             ... on level 3 of the Dungeon.
             The game lasted 00:08:24 (2660 turns).

keltmir the Cudgeler (Draconian Skald)              Turns: 2660, Time: 00:08:25

Health: 0/38       AC:  5    Str: 15    XL:     4   Next: 41%
Magic:  4/7        EV: 12    Int: 13    God:
Gold:   66         SH:  0    Dex: 10    Spells: 1/7 levels left

rFire    . . .     SeeInvis .   j - +0 whip
rCold    . . .     Gourm    .   (no shield)
rNeg     . . .     Faith    .   (armour unavailable)
rPois    .         Spirit   .   (helmet restricted)
rElec    .         Reflect  .   (no cloak)
rCorr    .         Harm     .   (no gloves)
MR       .....                  (no boots)
Stlth    +.........             (no amulet)
HPRegen  0.12/turn              (no ring)
MPRegen  0.10/turn              (no ring)

@: no status effects
A: unfitting armour, cold-blooded, AC +5
a: no special abilities


You were on level 3 of the Dungeon.
You were hungry.

You visited 1 branch of the dungeon, and saw 3 of its levels.

You collected 66 gold pieces.

Inventory:

Hand Weapons
 j - a +0 whip (weapon)
Missiles
 k - 4 tomahawks (quivered)
Armour
 i - a cursed +0 cloak
Jewellery
 e - an uncursed ring of stealth {unknown}
 f - a cursed ring of teleportation {unknown}
Potions
 g - a potion of flight
Books
 b - a book of Battle

   Spells                             Type                      Level
   a - Infusion                       Charms                       1
   b - Shroud of Golubria             Charms/Translocation         2
   c - Song of Slaying                Charms                       2
   d - Spectral Weapon                Hexes/Charms                 3
   e - Regeneration                   Charms/Necromancy            3
Comestibles
 c - 3 rations


   Skills:
 + Level 3.0 Fighting
 * Level 3.3 Maces & Flails
 + Level 2.7 Dodging
 - Level 2.0 Spellcasting
 + Level 3.2 Charms


You had one spell level left.
You knew the following spells:

 Your Spells              Type           Power        Failure   Level  Hunger
a - Infusion              Chrm           #...         7%          1    ##.....
b - Shroud of Golubria    Chrm/Tloc      #.........   21%         2    ###....
c - Spectral Weapon       Hex/Chrm       #.......     36%         3    ####...


Dungeon Overview and Level Annotations

Branches:
Dungeon (3/15)

Altars:

Annotations:
D:3 Ijyb


Innate Abilities, Weirdness & Mutations

Your plain brown scales are hard. (AC +5)
You cannot fit into any form of body armour.
You are cold-blooded and may be slowed by cold attacks.


Message History

Ijyb is moderately wounded.
Your spectral weapon barely misses Ijyb.
Ijyb zaps a wand.
The puff of flame hits you!
* * * LOW HITPOINT WARNING * * *
You hit Ijyb but do no damage.
Ijyb is moderately wounded.
Your spectral weapon hits Ijyb but does no damage.
You hit Ijyb. You tail-slap Ijyb, but do no damage.
Ijyb is heavily wounded.
Your shroud begins to fray at the edges.
Your spectral weapon hits Ijyb.
Ijyb hits you.
* * * LOW HITPOINT WARNING * * *
Your shroud falls apart!
Ijyb zaps a wand.
The puff of flame misses you.
Ijyb zaps a wand.
The puff of flame misses you.
Your spectral weapon fades away.
Ijyb zaps a wand.
The puff of flame hits you!
* * * LOW HITPOINT WARNING * * *
Ijyb zaps a wand.
The puff of flame hits you!
You die...

#.# #.# #.# # #.# #.
#<# .######### #.#
......... #.# #........
######.###########.####
#........@...g........#
#..###############.##.#
#..# #.##.# #.######..#
##### #.##.#
#...(.....###...#
#.##.#
########..).....#
#.##.#
######...#########.##.#
##............##.#
###############.#


You could see Ijyb.

Vanquished Creatures
  5 adders
  A worm (D:2)
  2 leopard geckos (D:1)
  A ball python (D:3)
  3 giant cockroaches
  7 goblins
  6 hobgoblins
  3 bats
  A frilled lizard (D:2)
  12 kobolds
  4 rats
45 creatures vanquished.

Notes
Turn   | Place    | Note
-------+----------+-------------------------------------------
     0 | D:1      | keltmir the Draconian Skald began the quest for the Orb.
     0 | D:1      | Reached XP level 1. HP: 17/17 MP: 3/3
   212 | D:1      | Reached XP level 2. HP: 25/25 MP: 1/5
   408 | D:1      | Learned a level 2 spell: Shroud of Golubria
  1024 | D:1      | Reached XP level 3. HP: 30/30 MP: 6/6
  1277 | D:2      | Learned a level 3 spell: Spectral Weapon
  1548 | D:2      | Found a faded altar of an unknown god.
  1918 | D:2      | Reached XP level 4. HP: 34/37 MP: 1/7
  2628 | D:3      | Noticed Ijyb
  2660 | D:3      | Killed from afar by Ijyb

Skill      XL: |  1  2  3  4 |
---------------+-------------+-----
Charms         | 3 |  3.2
Maces & Flails | 3 |  3.3
Fighting       | 3 |  3.0
Dodging        | |  2.7
Spellcasting   | |  2.0

Action                   |  1- 3 |  4- 6 || total
-------------------------+-------+-------++-------
Melee: Mace              |    36 |       ||    36
       Tailslap          |    11 |     9 ||    20
       Whip              |    79 |    48 ||   127
Throw: Tomahawk          |     6 |       ||     6
 Cast: Infusion          |     4 |       ||     4
       Shroud of Golubri |    10 |     2 ||    12
       Spectral Weapon   |     3 |     2 ||     5
  Use: Scroll            |     3 |     2 ||     5
       Potion            |       |     2 ||     2
  Eat: Chunk             |     5 |     2 ||     7
Armor: Skin              |    30 |    26 ||    56
Dodge: Dodged            |    75 |    41 ||   116
